ORI
CALIFORNIA STATE UNIVERSITY AT FULLERTON TITANS @ UNIVERSITY OF MIAMI HURRICANES
10/30/2048
 
TOP OF THE 1ST
California State University at Fullerton Titans batting - Pitching for University of Miami Hurricanes : RHP Raymilson La Arena
Pitching: RHP Raymilson La Arena
Batting: LHB Mike Fernandez 0-0: Ball
1-0: Called Strike
1-1: SINGLE (Line Drive, 4MD, EV 96.2 MPH)
Batting: LHB Jim Snell 0-0: Ball
1-0: Ball
2-0: Called Strike
2-1: DOUBLE (Flyball, 89XD, EV 100.6 MPH)
Mike Fernandez to third
Batting: RHB Simon Sultzbach 0-0: Fly out, F8 (Flyball, 89D, EV 90.6 MPH)
Runner from 3rd tags up, SCORES, throw by CF
Jim Snell to third
Batting: LHB Alberto Aguilar 0-0: Called Strike
0-1: Ball
1-1: Ball
2-1: Foul Ball, location: 2F
2-2: Ball
3-2: Foul Ball, location: 2F
3-2: Fly out, F8 (Flyball, 8LD, EV 90.6 MPH)
Runner from 3rd tags up, SCORES, no throw by CF
Batting: SHB Jason Pugh 0-0: Called Strike
0-1: DOUBLE (Line Drive, 7LM, EV 103.1 MPH)
Batting: RHB Justin Thomas 0-0: Ball
1-0: Foul Ball, location: 2F
1-1: Called Strike
1-2: Ball
2-2: Ball
3-2: Foul Ball, location: 2F
3-2: Strikes out looking
Top of the 1st over - 2 runs, 3 hits, 0 errors, 1 left on base; California State University at Fullerton 2 - University of Miami 0
BOTTOM OF THE 1ST
University of Miami Hurricanes batting - Pitching for California State University at Fullerton Titans : RHP Marco Alvarado
Pitching: RHP Marco Alvarado
Batting: RHB Danny Gallardo 0-0: Ball
1-0: Foul Ball, location: 2F
1-1: Ball
2-1: DOUBLE (Flyball, 89D, EV 105.6 MPH)
Batting: SHB Taylor Shelton 0-0: Called Strike
0-1: Ball
1-1: Ball
2-1: Ball
3-1: Ground out 3-1 (Groundball, 34, EV 88.1 MPH)
Danny Gallardo to third
Batting: RHB Burke Miller 0-0: Ground out 5-3 (Groundball, 56, EV 82.5 MPH)
Danny Gallardo scores
Batting: LHB Hector Salazar 0-0: Foul Ball, location: 2F
0-1: Ball
1-1: Fly out, F7 (Flyball, 7, EV 93.1 MPH)
Bottom of the 1st over - 1 run, 1 hit, 0 errors, 0 left on base; California State University at Fullerton 2 - University of Miami 1
TOP OF THE 2ND
California State University at Fullerton Titans batting - Pitching for University of Miami Hurricanes : RHP Raymilson La Arena
Batting: LHB John Blumberg 0-0: Ground out 4-3 (Groundball, 4MD, EV 89.4 MPH)
Batting: RHB Alex Freyre 0-0: Foul Ball, location: 2F
0-1: Foul Ball, location: 2F
0-2: Ball
1-2: Ground out 5-3 (Groundball, 56S, EV 83.8 MPH)
Batting: RHB Takayashi Hori 0-0: Ball
1-0: Called Strike
1-1: SINGLE (Groundball, 6MD, EV 110.0 MPH)
Batting: LHB Mike Fernandez 0-0: Called Strike
0-1: Called Strike
0-2: Fly out, F8 (Flyball, 8LM, EV 89.4 MPH)
Top of the 2nd over - 0 runs, 1 hit, 0 errors, 1 left on base; California State University at Fullerton 2 - University of Miami 1
BOTTOM OF THE 2ND
University of Miami Hurricanes batting - Pitching for California State University at Fullerton Titans : RHP Marco Alvarado
Batting: RHB Chris Zubia 0-0: Ball
1-0: Ball
2-0: Ball
3-0: Called Strike
3-1: Foul Ball, location: 2F
3-2: Base on Balls
Batting: RHB Christian Leschak 0-0: Foul Ball, location: 2F
0-1: Foul Ball, location: 2F
0-2: Ball
1-2: Strikes out swinging
Batting: LHB Addergoole Kartosuwiryo 0-0: Ball
1-0: Called Strike
Chris Zubia is caught stealing 2nd base 2-6
1-1: Reached on error, E4 (Groundball, 4, EV 86.9 MPH)
Batting: RHB Alberto Arellano 0-0: Ball
1-0: Called Strike
1-1: Ground out 4-3 (Groundball, 34, EV 88.8 MPH)
Bottom of the 2nd over - 0 runs, 0 hits, 1 error, 1 left on base; California State University at Fullerton 2 - University of Miami 1
TOP OF THE 3RD
California State University at Fullerton Titans batting - Pitching for University of Miami Hurricanes : RHP Raymilson La Arena
Batting: LHB Jim Snell 0-0: Called Strike
0-1: Ground out 1-3 (Groundball, 13S, EV 66.9 MPH)
Batting: RHB Simon Sultzbach 0-0: Called Strike
0-1: Foul Ball, location: 2F
0-2: Ball
1-2: Ball
2-2: Foul Ball, location: 2F
2-2: Ball
3-2: Foul Ball, location: 2F
3-2: Strikes out swinging
Batting: LHB Alberto Aguilar 0-0: Ball
1-0: Called Strike
1-1: SINGLE (Groundball, 56, EV 110.0 MPH)
Batting: SHB Jason Pugh 0-0: Ball
1-0: Ball
2-0: Ball
3-0: Base on Balls
Alberto Aguilar to second
Batting: RHB Justin Thomas 0-0: Fly out, F8 (Flyball, 8RM, EV 95.6 MPH)
Top of the 3rd over - 0 runs, 1 hit, 0 errors, 2 left on base; California State University at Fullerton 2 - University of Miami 1
BOTTOM OF THE 3RD
University of Miami Hurricanes batting - Pitching for California State University at Fullerton Titans : RHP Marco Alvarado
Batting: RHB Mark Kerr 0-0: Called Strike
0-1: Foul Ball, location: 2F
0-2: Strikes out swinging
Batting: RHB Danny Gallardo 0-0: Ground out U3 (Groundball, 34S, EV 67.5 MPH)
Batting: SHB Taylor Shelton 0-0: Called Strike
0-1: Ball
1-1: Foul Ball, location: 2F
1-2: Foul Ball, location: 2F
1-2: Ball
2-2: Foul Ball, location: 2F
2-2: Strikes out swinging
Bottom of the 3rd over - 0 runs, 0 hits, 0 errors, 0 left on base; California State University at Fullerton 2 - University of Miami 1
TOP OF THE 4TH
California State University at Fullerton Titans batting - Pitching for University of Miami Hurricanes : RHP Raymilson La Arena
Batting: LHB John Blumberg 0-0: Ground out 4-3 (Groundball, 34D, EV 80.0 MPH)
Batting: RHB Alex Freyre 0-0: Called Strike
0-1: Ball
1-1: Foul Ball, location: 2F
1-2: Foul Ball, location: 2F
1-2: Foul Ball, location: 2F
1-2: Strikes out swinging
Batting: RHB Takayashi Hori 0-0: Called Strike
0-1: Ball
1-1: Ball
2-1: Foul Ball, location: 2F
2-2: Strikes out swinging
Top of the 4th over - 0 runs, 0 hits, 0 errors, 0 left on base; California State University at Fullerton 2 - University of Miami 1
BOTTOM OF THE 4TH
University of Miami Hurricanes batting - Pitching for California State University at Fullerton Titans : RHP Marco Alvarado
Batting: RHB Burke Miller 0-0: Ball
1-0: Ball
2-0: Called Strike
2-1: Fly out, F8 (Flyball, 8RD, EV 101.9 MPH)
Batting: LHB Hector Salazar 0-0: Called Strike
0-1: Ball
1-1: Ball
2-1: SINGLE (Flyball, 7S, EV 89.4 MPH)
Batting: RHB Chris Zubia 0-0: Ball
1-0: Called Strike
1-1: Foul Ball, location: 2F
1-2: Ball
2-2: Ball
3-2: Foul Ball, location: 2F
3-2: Reached on error, E6 (Groundball, 6, EV 85.0 MPH)
Hector Salazar to second
Batting: RHB Christian Leschak 0-0: Ball
1-0: Ball
2-0: Ball
3-0: Base on Balls
Hector Salazar to third
Chris Zubia to second
Batting: LHB Addergoole Kartosuwiryo 0-0: Ball
1-0: Foul Ball, location: 2F
1-1: Foul Ball, location: 2F
1-2: Strikes out swinging
Batting: RHB Alberto Arellano 0-0: Ball
1-0: Fly out, F7 (Flyball, 7S, EV 75.0 MPH)
Bottom of the 4th over - 0 runs, 1 hit, 1 error, 3 left on base; California State University at Fullerton 2 - University of Miami 1
TOP OF THE 5TH
California State University at Fullerton Titans batting - Pitching for University of Miami Hurricanes : RHP Raymilson La Arena
Batting: LHB Mike Fernandez 0-0: Ball
1-0: Ball
2-0: Called Strike
2-1: Ball
3-1: Foul Ball, location: 2F
3-2: Strikes out swinging
Batting: LHB Jim Snell 0-0: Called Strike
0-1: Ball
1-1: Swinging Strike
1-2: Foul Ball, location: 2F
1-2: Strikes out swinging
Batting: RHB Simon Sultzbach 0-0: Ball
1-0: Fly out, F9 (Flyball, 9, EV 88.8 MPH)
Top of the 5th over - 0 runs, 0 hits, 0 errors, 0 left on base; California State University at Fullerton 2 - University of Miami 1
BOTTOM OF THE 5TH
University of Miami Hurricanes batting - Pitching for California State University at Fullerton Titans : RHP Marco Alvarado
Batting: RHB Mark Kerr 0-0: Called Strike
0-1: Called Strike
0-2: Ball
1-2: Ball
2-2: Strikes out looking
Batting: RHB Danny Gallardo 0-0: Foul Ball, location: 2F
0-1: Ball
1-1: Swinging Strike
1-2: Ball
2-2: Strikes out swinging
Batting: SHB Taylor Shelton 0-0: Called Strike
0-1: Ball
1-1: Ground out U3 (Groundball, 3, EV 85.6 MPH)
Bottom of the 5th over - 0 runs, 0 hits, 0 errors, 0 left on base; California State University at Fullerton 2 - University of Miami 1
TOP OF THE 6TH
California State University at Fullerton Titans batting - Pitching for University of Miami Hurricanes : RHP Raymilson La Arena
Pitching: RHP Matt Pepin
Batting: LHB Alberto Aguilar 0-0: Ground out 6-3 (Groundball, 6, EV 101.9 MPH)
Batting: SHB Jason Pugh 0-0: Foul Ball, location: 2F
0-1: Ball
1-1: Swinging Strike
1-2: Strikes out looking
Batting: RHB Justin Thomas 0-0: Foul Ball, location: 2F
0-1: Ball
1-1: Ball
2-1: Fly out, F9 (Flyball, 9D, EV 93.8 MPH)
Top of the 6th over - 0 runs, 0 hits, 0 errors, 0 left on base; California State University at Fullerton 2 - University of Miami 1
BOTTOM OF THE 6TH
University of Miami Hurricanes batting - Pitching for California State University at Fullerton Titans : RHP Marco Alvarado
Pitching: LHP David Garcia
Batting: RHB Burke Miller 0-0: Ball
1-0: Ball
2-0: Called Strike
2-1: Ball
3-1: Base on Balls
Batting: LHB Hector Salazar 0-0: Called Strike
0-1: Ball
1-1: Ball
2-1: Foul Ball, location: 2F
2-2: Foul Ball, location: 2F
2-2: Fielders Choice at 2nd, 5-4 (Groundball, 56, EV 102.5 MPH)
Batting: RHB Chris Zubia 0-0: Ball
1-0: Foul Ball, location: 2F
1-1: Called Strike
1-2: Ball
2-2: Strikes out swinging
Batting: RHB Christian Leschak 0-0: Ball
1-0: Ground out 4-3 (Groundball, 4, EV 86.9 MPH)
Bottom of the 6th over - 0 runs, 0 hits, 0 errors, 1 left on base; California State University at Fullerton 2 - University of Miami 1
TOP OF THE 7TH
California State University at Fullerton Titans batting - Pitching for University of Miami Hurricanes : RHP Matt Pepin
Pitching: LHP Ryan Hosken
Batting: LHB John Blumberg 0-0: Ball
1-0: Foul Ball, location: 2F
1-1: Ground out U3 (Groundball, 3L, EV 97.5 MPH)
Pitching: RHP Kieran Jesso
Batting: RHB Alex Freyre 0-0: Called Strike
0-1: Ball
1-1: Foul Ball, location: 2F
1-2: Ball
2-2: Ball
3-2: Strikes out swinging
Batting: RHB Takayashi Hori 0-0: Ball
1-0: Called Strike
1-1: Ground out U3 (Groundball, 34, EV 89.4 MPH)
Top of the 7th over - 0 runs, 0 hits, 0 errors, 0 left on base; California State University at Fullerton 2 - University of Miami 1
BOTTOM OF THE 7TH
University of Miami Hurricanes batting - Pitching for California State University at Fullerton Titans : LHP David Garcia
Pitching: RHP Mario Viera
Now in RF: Steve Lane
Batting: LHB Addergoole Kartosuwiryo 0-0: Called Strike
0-1: Swinging Strike
0-2: Fly out, F8 (Flyball, 8RXD, EV 105.6 MPH)
Batting: RHB Alberto Arellano 0-0: Ball
1-0: Ball
2-0: Called Strike
2-1: Reached on error, E4 (Groundball, 4, EV 80.6 MPH)
Batting: RHB Mark Kerr 0-0: Swinging Strike
0-1: Foul Ball, location: 2F
0-2: Ball
1-2: Ball
2-2: Ball
3-2: Strikes out swinging
Batting: RHB Danny Gallardo 0-0: Called Strike
0-1: Called Strike
0-2: Ball
1-2: Ball
2-2: DOUBLE (Groundball, 5L, EV 100.6 MPH)
Alberto Arellano scores
Batting: SHB Taylor Shelton 0-0: Called Strike
0-1: Ball
1-1: Swinging Strike
1-2: Ball
2-2: Ball
3-2: Ground out 6-3 (Groundball, 6M, EV 89.4 MPH)
Bottom of the 7th over - 1 run, 1 hit, 1 error, 1 left on base; California State University at Fullerton 2 - University of Miami 2
TOP OF THE 8TH
California State University at Fullerton Titans batting - Pitching for University of Miami Hurricanes : RHP Kieran Jesso
Batting: LHB Mike Fernandez 0-0: Called Strike
0-1: Foul Ball, location: 2F
0-2: Ball
1-2: Ground out 4-3 (Groundball, 4, EV 82.5 MPH)
Batting: LHB Jim Snell 0-0: Ball
1-0: Ball
2-0: Called Strike
2-1: Ground out 4-3 (Groundball, 34, EV 90.0 MPH)
Batting: RHB Simon Sultzbach 0-0: Called Strike
0-1: Foul Ball, location: 2F
0-2: Ball
1-2: Ball
2-2: Ball
3-2: Foul Ball, location: 2F
3-2: Strikes out swinging
Top of the 8th over - 0 runs, 0 hits, 0 errors, 0 left on base; California State University at Fullerton 2 - University of Miami 2
BOTTOM OF THE 8TH
University of Miami Hurricanes batting - Pitching for California State University at Fullerton Titans : RHP Mario Viera
Pitching: RHP Jorge Garza
Batting: RHB Burke Miller 0-0: Ground out 6-3 (Groundball, 6, EV 93.8 MPH)
Batting: LHB Hector Salazar 0-0: Called Strike
0-1: Ground out 6-3 (Groundball, 6, EV 85.6 MPH)
Batting: RHB Chris Zubia 0-0: Fly out, F3 (Popup, 3SF, EV 79.4 MPH)
Bottom of the 8th over - 0 runs, 0 hits, 0 errors, 0 left on base; California State University at Fullerton 2 - University of Miami 2
TOP OF THE 9TH
California State University at Fullerton Titans batting - Pitching for University of Miami Hurricanes : RHP Kieran Jesso
Pitching: RHP Gerald Heemskerk
Batting: LHB Alberto Aguilar 0-0: Ball
1-0: Foul Ball, location: 2F
1-1: Swinging Strike
1-2: Ball
2-2: Ground out U3 (Groundball, 3S, EV 70.6 MPH)
Batting: LHB Steve Lane 0-0: Called Strike
0-1: Swinging Strike
0-2: Ball
1-2: Foul Ball, location: 2F
1-2: Ball
2-2: Strikes out swinging
Batting: RHB Justin Thomas 0-0: Swinging Strike
0-1: Foul Ball, location: 2F
0-2: Ball
1-2: Ball
2-2: Foul Ball, location: 2F
2-2: Fly out, F8 (Flyball, 8RD, EV 91.9 MPH)
Top of the 9th over - 0 runs, 0 hits, 0 errors, 0 left on base; California State University at Fullerton 2 - University of Miami 2
BOTTOM OF THE 9TH
University of Miami Hurricanes batting - Pitching for California State University at Fullerton Titans : RHP Jorge Garza
Pinch Hitting: RHB Drew Morgenstern 0-0: Ball
1-0: Swinging Strike
1-1: Ground out 6-3 (Groundball, 6, EV 87.5 MPH)
Batting: LHB Addergoole Kartosuwiryo 0-0: Called Strike
0-1: Ground out 5-3 (Groundball, 56, EV 82.5 MPH)
Batting: RHB Alberto Arellano 0-0: Ball
1-0: Ground out 5-3 (Groundball, 56S, EV 84.4 MPH)
Bottom of the 9th over - 0 runs, 0 hits, 0 errors, 0 left on base; California State University at Fullerton 2 - University of Miami 2
TOP OF THE 10TH
California State University at Fullerton Titans batting - Pitching for University of Miami Hurricanes : RHP Gerald Heemskerk
Now at C: Anderson Shumate
Batting: LHB John Blumberg 0-0: Called Strike
0-1: Ball
1-1: Foul Ball, location: 2F
1-2: Foul Ball, location: 2F
1-2: Reached on error, E6 (Groundball, 6MD, EV 105.0 MPH)
Batting: RHB Alex Freyre 0-0: Sac Bunt to 3S - play at first, batter OUT! 3-1
John Blumberg to second
Batting: RHB Takayashi Hori 0-0: Called Strike
0-1: Ball
1-1: Ball
2-1: Ball
3-1: Foul Ball, location: 2F
3-2: Base on Balls
Batting: LHB Mike Fernandez 0-0: Ball
1-0: Ball
2-0: Called Strike
2-1: Bunt missed!
2-2: Ball
3-2: Ground out U3 (Groundball, 3, EV 93.1 MPH)
John Blumberg to third
Takayashi Hori to second
Batting: LHB Jim Snell 0-0: Intentional Walk
Batting: RHB Simon Sultzbach 0-0: Ball
1-0: Called Strike
1-1: Swinging Strike
1-2: Ball
2-2: Strikes out swinging
Top of the 10th over - 0 runs, 0 hits, 1 error, 3 left on base; California State University at Fullerton 2 - University of Miami 2
BOTTOM OF THE 10TH
University of Miami Hurricanes batting - Pitching for California State University at Fullerton Titans : RHP Jorge Garza
Pitching: RHP T.J. Keenan
Batting: RHB Mark Kerr 0-0: Ball
1-0: Called Strike
1-1: Ball
2-1: Swinging Strike
2-2: Strikes out swinging
Batting: RHB Danny Gallardo 0-0: Called Strike
0-1: Fly out, F9 (Flyball, 9LM, EV 103.1 MPH)
Batting: SHB Taylor Shelton 0-0: Called Strike
0-1: Ball
1-1: Ball
2-1: Swinging Strike
2-2: Strikes out swinging
Bottom of the 10th over - 0 runs, 0 hits, 0 errors, 0 left on base; California State University at Fullerton 2 - University of Miami 2
TOP OF THE 11TH
California State University at Fullerton Titans batting - Pitching for University of Miami Hurricanes : RHP Gerald Heemskerk
Pitching: RHP Ernie Zepeda
Batting: LHB Alberto Aguilar 0-0: Foul Ball, location: 2F
0-1: Foul Ball, location: 2F
0-2: Ball
1-2: Ball
2-2: Foul Ball, location: 2F
2-2: Ball
3-2: SINGLE (Line Drive, 4MD, EV 98.1 MPH)
Batting: LHB Steve Lane 0-0: Called Strike
0-1: Called Strike
0-2: Ball
1-2: Foul Ball, location: 2F
1-2: Ball
2-2: Strikes out looking
Batting: RHB Justin Thomas 0-0: Swinging Strike
0-1: Ball
1-1: Ball
2-1: Swinging Strike
2-2: Ball
3-2: Strikes out looking
Batting: LHB John Blumberg 0-0: Ball
1-0: Ball
2-0: Called Strike
2-1: Ground out 4-3 (Groundball, 4, EV 79.4 MPH)
Top of the 11th over - 0 runs, 1 hit, 0 errors, 1 left on base; California State University at Fullerton 2 - University of Miami 2
BOTTOM OF THE 11TH
University of Miami Hurricanes batting - Pitching for California State University at Fullerton Titans : RHP T.J. Keenan
Batting: RHB Burke Miller 0-0: Fly out, F8 (Flyball, 8RXD, EV 99.4 MPH)
Batting: LHB Hector Salazar 0-0: Called Strike
0-1: Ball
1-1: Called Strike
1-2: Strikes out swinging
Batting: RHB Chris Zubia 0-0: Called Strike
0-1: Swinging Strike
0-2: Foul Ball, location: 2F
0-2: Strikes out swinging
Bottom of the 11th over - 0 runs, 0 hits, 0 errors, 0 left on base; California State University at Fullerton 2 - University of Miami 2
TOP OF THE 12TH
California State University at Fullerton Titans batting - Pitching for University of Miami Hurricanes : RHP Ernie Zepeda
Batting: RHB Alex Freyre 0-0: Called Strike
0-1: Ground out 5-3 (Groundball, 56S, EV 77.5 MPH)
Batting: RHB Takayashi Hori 0-0: Ball
1-0: DOUBLE (Flyball, 8LD, EV 90.6 MPH)
Pitching: RHP Artemio Santiago
Batting: LHB Mike Fernandez 0-0: Ball
1-0: Foul Ball, location: 2F
1-1: Ball
2-1: Fly out, F8 (Flyball, 8LXD, EV 102.5 MPH)
Runner from 2nd tags up, SAFE at 3rd, no throw by CF
Batting: LHB Jim Snell 0-0: Intentional Walk
Batting: RHB Simon Sultzbach 0-0: Called Strike
0-1: Ball
1-1: Called Strike
1-2: Ball
2-2: Ball
3-2: Foul Ball, location: 2F
3-2: Base on Balls
Jim Snell to second
Batting: LHB Alberto Aguilar 0-0: Called Strike
0-1: Ball
1-1: Called Strike
1-2: Foul Ball, location: 2F
1-2: Ball
2-2: Ground out 2-3 (Groundball, 13S, EV 61.2 MPH)
Top of the 12th over - 0 runs, 1 hit, 0 errors, 3 left on base; California State University at Fullerton 2 - University of Miami 2
BOTTOM OF THE 12TH
University of Miami Hurricanes batting - Pitching for California State University at Fullerton Titans : RHP T.J. Keenan
Pitching: RHP Julio Moreno
Batting: RHB Anderson Shumate 0-0: Called Strike
0-1: Ground out 5-3 (Groundball, 5, EV 85.6 MPH)
Batting: LHB Addergoole Kartosuwiryo 0-0: Ball
1-0: Ball
2-0: Ball
3-0: Base on Balls
Batting: RHB Alberto Arellano 0-0: Ground out 5-3 (Groundball, 56, EV 85.0 MPH)
Addergoole Kartosuwiryo to second
Batting: RHB Mark Kerr 0-0: Called Strike
0-1: 2-RUN HOME RUN (Flyball, 7D, EV 93.8 MPH), Distance : 370 ft
Bottom of the 12th over - 2 runs, 1 hit, 0 errors, 0 left on base; California State University at Fullerton 2 - University of Miami 4
Tuesday, March 28th , 2023 - OOTP Baseball 23.10 Build 110